 Dungeon Crawl Stone Soup version 0.23.2-1-ga50397a6bc (webtiles) character file.

Game seed: 12632070937480775973

32 Mrkan the Ruffian (level 3, -1/32 (33) HPs)
             Began as a Ghoul Monk on May 20, 2019.
             Was a Believer of Yredelemnul.
             Slain by a gnoll
             ... wielding a +0 spear
              (12 damage)
             ... on level 2 of the Dungeon.
             The game lasted 00:01:59 (540 turns).

Mrkan the Ruffian (Ghoul Monk)                       Turns: 540, Time: 00:02:00

HP:   -1/32 (33)    AC:  2    Str: 15    XL:     3   Next: 27%
MP:   2/2           EV: 12    Int:  5    God:    Yredelemnul [**....]
Gold: 82            SH:  0    Dex: 11    Spells: 2/2 levels left

rFire    . . .     SeeInvis .     - Unarmed
rCold    + . .     Gourm    .   (no shield)
rNeg     + + +     Faith    .   a - +0 robe
rPois    ∞         Spirit   .   (no helmet)
rElec    .         Reflect  .   (no cloak)
rCorr    .         Harm     .   (no gloves)
MR       .....                  (no boots)
Stlth    ++........             (no amulet)
HPRegen  0.00/turn              (no ring)
MPRegen  0.08/turn              (no ring)

@: rotting
A: rotting body, claws 1, carnivore, cold resistance 1, negative energy
resistance 3, inhibited regeneration, torment resistance, unbreathing
a: Animate Remains, Recall Undead Slaves, Injury Mirror, Renounce Religion


You were on level 2 of the Dungeon.
You worshipped Yredelemnul.
Yredelemnul was pleased with you.
You were not hungry.

You visited 1 branch of the dungeon, and saw 2 of its levels.

You collected 82 gold pieces.

Inventory:

Armour
 a - a +0 robe (worn)
Potions
 c - a potion of curing {unknown}
 d - 2 potions of agility {unknown}
Comestibles
 b - 2 rations


   Skills:
 + Level 3.8 Fighting
 - Level 2.6 Dodging
 - Level 2.1 Stealth
 * Level 4.3 Unarmed Combat
 + Level 0.1 Invocations


You had 2 spell levels left.
You didn't know any spells.
Your spell library was empty.

Dungeon Overview and Level Annotations

Branches:
Dungeon (1/15)

Altars:
Yredelemnul


Innate Abilities, Weirdness & Mutations

Your body is rotting away.
You thrive on raw meat.
You are immune to poison.
You have sharp fingernails.
You are carnivorous and can eat meat at any time.
Your flesh is cold resistant. (rC+)
You are immune to negative energy. (rN+++)
You do not regenerate when monsters are visible.
You are immune to unholy pain and torment.
You can survive without breathing.


Message History

2 gnolls come into view.
There are monsters nearby!
A rat comes into view.
A worm comes into view.
The worm closely misses you.
You claw the worm!
The worm is moderately wounded.
You claw the worm!
The worm is severely wounded.
The worm barely misses you.
You barely miss the worm.
The worm is severely wounded.
You barely miss the worm.
The worm is severely wounded.
The worm closely misses you. The gnoll hits you with a +0 spear!
The gnoll barely misses you.
The gnoll hits you from afar with a +0 spear!
You die...
Yredelemnul claims you as an undead slave.

.###.... #.# ....... #.#
###### .###..#######.###.....
. ........................
.###..#######)###.#.....
...................... ..#
.g# .#................#.# #..
.. .#.##########†......##.#..
g.
......######.#.#@#.#.#....#.#
##.##.##..............# ...#
##.##.##...#.#.#g#.#.## #..
....#.##..............# #.##
#####......#.#.#.#.#.## #..#
.........##...).......##
##.##
.####...[###.#.#.#.#.#.. #..#
# .#
#....##...........######.##+#
.#
#....###.#.#.#.#.#...#.......


You could see a gnoll.

Vanquished Creatures
  A worm (D:2)
  2 dart slugs (D:1)
  3 bats
  2 giant cockroaches
  4 goblins
  3 hobgoblins
  5 frilled lizards
  3 kobolds (D:2)
  3 rats
26 creatures vanquished.

Notes
Turn   | Place    | Note
-------+----------+-------------------------------------------
     0 | D:1      | Mrkan the Ghoul Monk began the quest for the Orb.
     0 | D:1      | Reached XP level 1. HP: 19/19 MP: 0/0
    78 | D:1      | Reached XP level 2. HP: 20/26 MP: 1/1
   197 | D:1      | You fall through a shaft!
   214 | D:2      | Reached skill level 4 in Unarmed Combat
   288 | D:2      | Found a basalt altar of Yredelemnul.
   293 | D:2      | Became a worshipper of Yredelemnul the Dark
   293 | D:2      | Reached * piety under Yredelemnul
   293 | D:2      | Reached ** piety under Yredelemnul
   338 | D:2      | Reached XP level 3. HP: 21/32 MP: 2/2
   540 | D:2      | Slain by a gnoll

Skill      XL: |  1  2 |
---------------+-------+-----
Unarmed Combat | 4 |  4.3
Fighting       | |  3.8
Dodging        | |  2.6
Stealth        | |  2.1
Invocations    | |  0.1

Action                   || total
-------------------------++-------
Melee: Unarmed           ||    82
       Punch             ||     1
Armor: Robe              ||    12
Dodge: Dodged            ||    50
